 Dungeon Crawl Stone Soup version 0.27.0-1-g7a089689b8 (webtiles) character file.

Game seed: 5206442452353811628

23 mandarbmax the Skirmisher (level 2, -4/16 HPs)
             Began as a Vine Stalker Abyssal Knight on Aug 1, 2021.
             Was a Follower of Lugonu.
             Slain by a kobold (17 damage)
             ... on level 2 of the Dungeon.
             The game lasted 00:01:24 (1437 turns).

mandarbmax the Skirmisher (VSAK)                    Turns: 1437, Time: 00:01:25

Health: -4/16      AC:  6    Str: 14    XL:     2   Next: 95%
Magic:  0/4        EV:  9    Int: 12    God:    Lugonu [*.....]
Gold:   12         SH:  0    Dex: 13    Spells: 1/1 levels left

rFire    . . .     SeeInvis .   a - +1 short sword
rCold    . . .     Faith    .   (no shield)
rNeg     . . .     Spirit   +   d - +0 scale mail
rPois    .         Reflect  .   (no helmet)
rElec    .         Harm     .   (no cloak)
rCorr    .         Rampage  .   (no gloves)
Will     .....                  (no boots)
Stlth    ..........             (no amulet)
HPRegen  0.05/turn              (no ring)
MPRegen  0.09/turn              (no ring)

@: no status effects
A: fangs 2, magic shield, antimagic bite, no potion heal 2
a: Renounce Religion, Depart the Abyss


You were on level 2 of the Dungeon.
You worshipped Lugonu.
Lugonu was aware of your devotion.
You visited 1 branch of the dungeon, and saw 2 of its levels.
You visited the Abyss 1 time.

You collected 12 gold pieces.

Inventory:

Hand Weapons
 a - a +1 short sword (weapon)
Missiles
 f - 22 poisoned darts
Armour
 b - a +0 leather armour
 d - a +0 scale mail (worn)
Scrolls
 c - a scroll of noise {unknown}
 e - a scroll of teleportation {unknown}


   Skills:
 - Level 3.0 Fighting
 + Level 2.2 Short Blades
 - Level 2.0 Armour
 - Level 1.0 Dodging
 - Level 2.0 Invocations


You had one spell level left.
You didn't know any spells.
Your spell library contained the following spells:

 Spells                   Type           Power      Damage    Failure   Level
 Corpse Rot               Necr/Air       N/A        N/A       91%         2
 Dispel Undead            Necr           0%         3d6       100%        4
 Death Channel            Necr           0%         N/A       100%        6


Dungeon Overview and Level Annotations

Branches:
Dungeon (2/15)

Altars:


Innate Abilities, Weirdness & Mutations

You have extremely sharp teeth.
When hurt, damage is shared between your health and your magic reserves.
Your bite disrupts and absorbs the magic of your enemies.
Potions cannot restore your health.


Message History

There is a stone staircase leading up here.
Found an escape hatch in the ceiling.
The rat barely misses you.
You closely miss the rat. You bite the rat.
You kill the rat!
Lugonu accepts your kill.
No target in view!
No target in view!
No target in view!
No target in view!
No target in view!
No target in view!
No target in view!
No target in view!
No target in view!
No target in view!
No target in view!
No target in view!
No target in view!
No target in view!
No target in view!
No target in view!
Found a short sword.
A giant cockroach and a kobold come into view.
The kobold is wielding a +0 short sword of distortion.
The kobold shouts!
The kobold throws a stone.
The stone hits you but does no damage.
A worm comes into view.
Unknown command.
You closely miss the kobold. Your bite misses the kobold.
The kobold hits you with a +0 short sword of distortion.
Unknown command.
You closely miss the kobold. The kobold closely misses you.
Unknown command.
You hit the giant cockroach.
The giant cockroach is almost dead.
The giant cockroach bites you but does no damage.
The kobold hits you but does no damage. Space warps horribly around you!!
Ouch! That really hurt!
You die...

##.......#
.........#
######.#+#..#
............#
#####..##.#
#<......#
###########..####
............>#
.......@######
......BK#
.......w.
..........
.#####.....
#...... #.......
#........


You could see a worm, a giant cockroach and a kobold.

Vanquished Creatures
  A dart slug (D:1)
  2 ball pythons (D:1)
  3 bats (D:1)
  A giant cockroach (D:1)
  2 goblins (D:1)
  2 hobgoblins (D:1)
  2 kobolds (D:1)
  2 quokkas (D:1)
  A frilled lizard (D:1)
  2 rats
18 creatures vanquished.

Vanquished Creatures (others)
  A plant (D:1)
1 creature vanquished.

Grand Total: 19 creatures vanquished

Notes
Turn   | Place    | Note
-------+----------+-------------------------------------------
     0 | Abyss:1  | mandarbmax the Vine Stalker Abyssal Knight began the quest
                  | for the Orb.
     0 | Abyss:1  | Reached XP level 1. HP: 11/11 MP: 3/3
    14 | D:1      | Escaped the Abyss
   360 | D:1      | Reached skill level 1 in Dodging
   360 | D:1      | Reached XP level 2. HP: 14/16 MP: 4/4
   788 | D:1      | Found a faded altar of an unknown god.
  1145 | D:1      | Reached skill level 3 in Fighting
  1437 | D:2      | Slain by a kobold

Illustrated notes

Levels and vault maps discovered:
D:1:      nagdon_arrival_zigzag_paths, layout_basic, serial_forest,
          infiniplex_forest_clump_curved, infiniplex_forest_join,
          infiniplex_forest_lined_corner, infiniplex_forest_lined_room_3,
          infiniplex_forest_pool, infiniplex_forest_clump_small,
          infiniplex_forest_corner_1, infiniplex_forest_lined_2,
          infiniplex_forest_diagonal, infiniplex_forest_corner_1,
          basic_ecumenical_altar, minmay_tiny_reverse_x
D:2:      layout_basic, minmay_fractal_squares_5

Skill      XL: |  1  2 |
---------------+-------+-----
Invocations    | 2 |  2.0
Dodging        | 1 |  1.0
Short Blades   | 2 |  2.2
Fighting       | 3 |  3.0
Armour         | 2 |  2.0

Action                   || total
-------------------------++-------
Melee: Short sword       ||    62
       Bite              ||    12
Armor: Scale mail        ||    21
Dodge: Dodged            ||    24
